 Dungeon Crawl Stone Soup version 0.29.1-13-g9f3cf754e1 (webtiles) character file.

Game seed: 7357712997561549878

21 LustLizard the Cleaver (level 2, -5/26 HPs)
             Began as a Gnoll Wanderer on Feb 8, 2023.
             Slain by Sigmund
             ... wielding a +0 scythe
              (9 damage)
             ... on level 2 of the Dungeon.
             The game lasted 00:01:20 (1438 turns).

LustLizard the Cleaver (Gnoll Wanderer)             Turns: 1438, Time: 00:01:20

Health: -5/26      AC:  3    Str: 14    XL:     2   Next: 87%
Magic:  2/2        EV: 11    Int:  9    God:
Gold:   147        SH:  0    Dex: 10    Spells: 2/2 levels left

rFire   . . .      SeeInvis .   a - +2 hand axe
rCold   . . .      Faith    .   (no shield)
rNeg    . . .      Spirit   .   f - +0 leather armour
rPois   .          Reflect  .   (no helmet)
rElec   .          Harm     .   (no cloak)
rCorr   .          Rampage  .   (no gloves)
Will    .....                   (no boots)
Stlth   +.........              (no amulet)
HPRegen 0.08/turn               (no ring)
MPRegen 0.08/turn               (no ring)

@: no status effects
A: fangs 1, strong nose, distributed training
a: no special abilities


You were on level 2 of the Dungeon.
You visited 1 branch of the dungeon, and saw 2 of its levels.

You collected 147 gold pieces.

Inventory:

Hand Weapons
 a - a +2 hand axe (weapon)
 b - a +0 sling
 d - a +0 dagger
Missiles
 c - 10 poisoned darts (quivered)
Armour
 f - a +0 leather armour (worn)
Scrolls
 e - a scroll of silence
 g - a scroll of enchant weapon {unknown}
 h - a scroll of fog {unknown}
 k - a scroll of torment {unknown}
 m - a scroll of noise {unknown}
Potions
 i - a potion of flight {unknown}
 j - a potion of curing {unknown}
 l - a potion of haste {unknown}


   Skills:
 + Level 4.5 Fighting
 + Level 0.5 Short Blades
 + Level 0.5 Long Blades
 + Level 8.5 Axes
 + Level 0.5 Maces & Flails
 + Level 0.5 Polearms
 + Level 0.5 Staves
 + Level 6.5 Ranged Weapons
 + Level 2.5 Throwing
 + Level 0.5 Armour
 + Level 0.5 Dodging
 + Level 0.5 Stealth
 + Level 0.5 Shields
 + Level 0.5 Unarmed Combat
 + Level 0.5 Spellcasting
 + Level 0.4 Conjurations
 + Level 0.4 Hexes
 + Level 0.4 Summonings
 + Level 0.4 Necromancy
 + Level 0.4 Translocations
 + Level 0.4 Transmutations
 + Level 0.4 Fire Magic
 + Level 0.4 Ice Magic
 + Level 0.4 Air Magic
 + Level 0.4 Earth Magic
 + Level 0.4 Poison Magic
 + Level 0.7 Invocations
 + Level 0.5 Evocations


You had 2 spell levels left.
You didn't know any spells.
Your spell library was empty.

Dungeon Overview and Level Annotations

Branches:
Dungeon (2/15)

Altars:

Annotations:
D:2 Sigmund


Innate Abilities, Weirdness & Mutations

You have very sharp teeth.
Your uncanny sense of smell can sniff out nearby items.
Your experience applies equally to all skills.


Message History

You kill the bat!
No target in view!
You now have 147 gold pieces (gained 13).
c - 7 poisoned darts (gained 1)
c - 8 poisoned darts (gained 1)
c - 10 poisoned darts (gained 2)
A kobold comes into view. It is wielding a +0 whip.
The kobold shouts!
The kobold moves out of view.
A kobold and a hobgoblin come into view.
The kobold throws a stone.
The stone closely misses you.
Sigmund shouts!
The hobgoblin shouts!
You barely miss the kobold. The kobold hits you but does no damage.
You hit the kobold but do no damage. The kobold hits you with a +0 whip.
A kobold comes into view. It is wielding a +0 short sword.
Sigmund gestures wildly while chanting.
Sigmund flickers and vanishes!
Deactivating autopickup; reactivate with Ctrl-A.
The kobold shouts!
You hit the kobold.
You kill the kobold!
You hit the hobgoblin.
The hobgoblin is severely wounded.
The hobgoblin completely misses you.
You hit the hobgoblin.
You kill the hobgoblin!
Something hits you.
You see here a hobgoblin corpse.
You hit something. Your bite misses something.
You hit something but do no damage. Something hits you.
You hit something. Your bite misses something. You hit something.
Your punch misses something. Something hits you.
You hit something. Something hits you.
You hit something. You barely miss something. Something hits you.
You hit something but do no damage. You miss something. Something hits you.
* * * LOW HITPOINT WARNING * * *
You hit something. Something hits you!
You die...

.....................>..
.......................#
...............#...#...#
...............#.......#
...............#.##....#
.K......................
.......K).....####.....#
#{# #.......# #@#
###.#.... #.#
#####..#....
#.#####...........
#....##.###.###..#
####.##.# #....<..
##.##.# #.#.#... #....
##### #.....# #.#.#.##
#.... ....
#########.#....
#....####..#
###......##..##


You could see a kobold.

Vanquished Creatures
  A worm (D:2)
  2 ball pythons
  An endoplasm (D:1)
  3 hobgoblins
  4 kobolds
  4 bats
  A frilled lizard (D:1)
16 creatures vanquished.

Notes
Turn   | Place    | Note
-------+----------+-------------------------------------------
     0 | D:1      | LustLizard the Gnoll Wanderer began the quest for the Orb.
     0 | D:1      | LustLizard set off with the following items: a +2 hand axe,
                  | a +0 sling, 10 poisoned darts, a +0 dagger, a scroll of
                  | silence, a +0 leather armour.
     0 | D:1      | Reached XP level 1. HP: 20/20 MP: 1/1
    65 | D:1      | Noticed a shining eye
    77 | D:1      | Found a faded altar of an unknown god.
    79 | D:1      | Noticed a great orb of eyes
    79 | D:1      | Noticed an eye of devastation
    79 | D:1      | Noticed a golden eye
   549 | D:1      | Reached XP level 2. HP: 26/26 MP: 2/2
   779 | D:2      | Noticed Sigmund
  1438 | D:2      | Slain by Sigmund

Illustrated notes

Levels and vault maps discovered:
D:1:      lightli_arrival_flooded_house, layout_loops_cross,
          hellmonk_ecumenical_altar_watching_god
D:2:      layout_basic, guppyfry_early_lair_pool, uniq_terence, uniq_sigmund

Action                   || total
-------------------------++-------
Melee: Hand axe          ||    59
       Bite              ||     7
       Punch             ||     1
Throw: Dart              ||     4
Armor: Leather armour    ||    13
Dodge: Dodged            ||    28
